Map: Lerilak Crest

Players

llllllllllll - Winner!

  • Race: Terran Terran
  • League: Gold

Javert

  • Race: Zerg Zerg
  • League: Platinum

VOD

Have the link to the VOD?

Description

Time

  • Played on: Aug. 18, 2015, 12:52 a.m.
  • Length: 10:08
Show
View Real Time Build Order
Export as new Build Order

llllllllllll Terran - Winner!

Build Orders: Command Center First (CC), MMM Bio 

Get SALT Encoding   

  12  0:01  SCV  
  13  0:13  SCV  
  14  0:22  Supply Depot  
  14  0:25  SCV  
  15  0:43  SCV  
  16  0:58  Command Center  
  16  1:01  SCV  
  17  1:15  Barracks  
  17  1:16  SCV  
  18  1:23  Refinery  
  18  1:28  SCV  
  19  1:40  SCV  
  20  1:52  SCV  
  21  2:03  Marine  
  21  2:05  Supply Depot, Orbital Command  
  22  2:11  Orbital Command  
  22  2:21  Marine  
  23  2:29  Factory  
  23  2:31  SCV  
  23  2:34  Refinery  
  24  2:37  SCV  
  24  2:43  SCV  
  26  2:44  Barracks Reactor  
  26  2:49  SCV  
  27  2:55  SCV  
  27  2:57  Bunker  
  28  3:01  SCV  
  29  3:07  SCV  
  30  3:13  SCV  
  30  3:19  SCV, Starport  
  32  3:25  SCV  
  33  3:31  SCV  
  33  3:32  Supply Depot  
  33  3:33  Barracks Tech Lab  
  34  3:34  Hellion x2  
  34  3:37  SCV  
  39  3:41  Engineering Bay  
  39  3:42  Supply Depot  
  39  3:52  Marauder  
  39  3:53  Stimpack  
  40  3:55  SCV  
  40  4:01  Hellion x2  
  45  4:03  SCV  
  45  4:06  Supply Depot  
  45  4:08  SCV  
  47  4:15  SCV, Marauder  
  47  4:16  Medivac  
  52  4:20  SCV  
  53  4:30  Supply Depot  
  53  4:35  SCV  
  54  4:39  SCV  
  54  4:41  Refinery  
  54  4:45  Refinery  
  55  4:47  SCV  
  55  4:48  Command Center  
  55  4:51  SCV  
  59  4:59  SCV, Marauder  
  62  5:01  Starport Reactor  
  62  5:02  Widow Mine x2  
  62  5:03  SCV  
  65  5:09  Engineering Bay  
  65  5:12  SCV, Engineering Bay  
  66  5:15  SCV  
  66  5:20  Barracks x2  
  67  5:24  SCV  
  68  5:42  SCV  
  61  5:51  SCV  
  61  5:52  Missile Turret  
  61  5:53  Terran Infantry Weapons Level 1, Terran Infantry Armor Level 1  
  61  5:54  SCV  
  61  5:55  Armory  
  61  5:56  Marine  
  62  5:57  Combat Shields  
  62  5:58  Widow Mine x2  
  62  5:59  Medivac x2  
  62  6:01  Missile Turret  
  62  6:02  Supply Depot  
  62  6:03  SCV, Missile Turret  
  71  6:05  Missile Turret  
  71  6:09  Orbital Command  
  71  6:14  Marine  
  72  6:21  Barracks  
  72  6:22  Barracks Reactor x2  
  72  6:23  SCV  
  72  6:24  Barracks  
  73  6:30  SCV, Refinery, Widow Mine x2  
  73  6:32  Marine  
  79  6:35  Supply Depot  
  79  6:40  Supply Depot  
  79  6:50  Marine  
  79  6:53  SCV x3  
  83  6:58  Widow Mine  
  83  6:59  Widow Mine  
  87  7:01  Marine x2  
  87  7:05  SCV x2  
  87  7:06  Marine x2  
  87  7:08  Marine  
  94  7:19  Marine x2  
  96  7:23  Marine x2  
  96  7:25  Marine  
  96  7:29  Medivac x2  
  105  7:32  Barracks Reactor  
  104  7:37  Marine x2  
  104  7:38  Barracks Tech Lab  
  104  7:41  Marine x2  
  104  7:43  Marine  
  102  7:48  Terran Infantry Weapons Level 2, Terran Infantry Armor Level 2  
  98  7:52  Widow Mine x2  
  98  7:55  Marine x2  
  98  7:56  SCV x2, Factory  
  98  7:57  SCV  
  105  7:59  Marine x2, Medivac  
  105  8:00  Missile Turret  
  105  8:01  Marine x2  
  105  8:04  Supply Depot  
  109  8:05  Supply Depot  
  109  8:08  SCV x2  
  109  8:09  Command Center, Marine x2  
  113  8:12  Marine  
  113  8:13  Marine  
  113  8:14  Concussive Shells  
  113  8:17  Supply Depot, Marine x2  
  113  8:19  Supply Depot  
  117  8:25  Marine x2  
  119  8:27  Marine x2  
  119  8:30  Marine x2  
  119  8:33  Widow Mine x2  
  127  8:34  Medivac  
  127  8:35  Marine x2  
  127  8:39  Supply Depot  
  131  8:43  Marine x2  
  131  8:44  Refinery  
  131  8:45  Marine x2  
  131  8:46  SCV  
  131  8:48  Marine x2  
  136  8:52  Marine  
  139  8:56  Marine  
  139  9:01  Marauder x2  
  144  9:02  Marine  
  144  9:03  Marine  
  143  9:22  Marauder x2  
  142  9:28  Marine x3  
  142  9:29  Marine x3  
  148  9:32  Widow Mine x2  
  148  9:33  Medivac x2  
  156  9:43  Marine  
  156  9:44  Marauder  
  159  9:45  Marine x2  
  159  9:46  Marine x2  
  159  9:47  Marine x2  
Show
View Real Time Build Order
Export as new Build Order

Javert Zerg 

Build Orders: Hatch First 

Get SALT Encoding   

  12  0:01  Drone  
  13  0:13  Overlord  
  13  0:17  Drone  
  14  0:31  Drone x2  
  17  0:35  Drone  
  17  0:56  Hatchery, Drone  
  17  0:58  Extractor  
  17  1:01  Drone  
  17  1:09  Drone  
  18  1:22  Spawning Pool  
  18  1:25  Drone  
  18  1:32  Drone  
  20  1:40  Drone  
  20  1:50  Drone  
  21  2:03  Overlord  
  21  2:09  Queen x2  
  21  2:11  Metabolic Boost  
  21  2:15  Zergling x4  
  27  2:31  Drone  
  27  2:32  Drone x2  
  30  2:41  Drone x2  
  32  2:44  Overlord  
  32  2:57  Drone x2  
  34  2:59  Queen  
  36  3:07  Drone x2  
  37  3:17  Drone x2  
  39  3:24  Drone  
  39  3:25  Drone x3  
  43  3:27  Overlord  
  43  3:51  Lair  
  43  3:53  Extractor  
  43  3:54  Drone x9  
  50  4:07  Zergling x2  
  50  4:09  Spore Crawler  
  50  4:13  Roach Warren  
  50  4:15  Queen, Extractor x2  
  50  4:16  Hatchery  
  48  4:28  Zergling x6  
  51  4:36  Spore Crawler  
  50  4:49  Roach Warren  
  50  4:51  Queen  
  51  4:54  Overlord x2  
  51  5:02  Glial Reconstitution  
  51  5:07  Evolution Chamber  
  51  5:08  Spire  
  51  5:11  Drone x2  
  52  5:21  Drone x2  
  52  5:22  Drone x13  
  62  5:33  Drone x5  
  61  5:45  Zergling x6  
  61  5:46  Zergling x4  
  65  6:01  Drone x3  
  68  6:04  Zerg Missile Weapons Level 1  
  68  6:06  Extractor  
  68  6:09  Extractor  
  66  6:14  Drone  
  66  6:15  Drone x4  
  71  6:20  Hydralisk Den  
  71  6:21  Drone x2  
  71  6:23  Extractor  
  71  6:25  Hatchery  
  70  6:33  Drone  
  70  6:34  Overlord  
  70  6:39  Overlord  
  71  6:44  Overlord x3  
  71  6:49  Overseer  
  71  7:06  Mutalisk x2  
  71  7:07  Mutalisk x7  
  71  7:08  Mutalisk x2  
  91  7:13  Spine Crawler  
  92  7:18  Overseer  
  92  7:26  Spore Crawler  
  91  7:44  Drone x7  
  91  7:45  Drone x9  
  106  7:57  Drone  
  106  7:58  Drone x2  
  108  8:07  Overlord  
  108  8:08  Drone x2, Infestation Pit  
  109  8:14  Hydralisk Den  
  107  8:27  Roach  
  107  8:28  Roach  
  107  8:29  Roach  
  107  8:33  Extractor  
  110  8:36  Spine Crawler  
  110  8:38  Overlord x3  
  109  8:42  Overseer x2  
  109  8:49  Roach  
  109  8:52  Overlord  
  111  8:58  Spine Crawler  
  111  9:00  Spore Crawler  
  109  9:04  Roach  
  109  9:05  Roach x9  
  119  9:29  Zergling x22  
  119  9:30  Zergling x2  
  131  9:34  Spine Crawler  
  130  9:40  Zergling x4  
  130  9:42  Ravager x4  
Tags
 
Add a new tag
Caveats
  • Supply blocks, unpowered buildings, or Contaminate may cause inaccurate times.
  • Supply counts are checked every 10 seconds.